Map: Honorgrounds LE

Players

Electroboyz

  • Race: Zerg Zerg
  • League: Grandmaster
  • Spawn Location: 5:00

Railgan - Winner!

  • Race: Zerg Zerg
  • League: Grandmaster
  • Spawn Location: 1:00

VOD

Have the link to the VOD?

Description

Time

  • Played on: March 20, 2017, 7:34 p.m.
  • Length: 7:16
Show
View Real Time Build Order
Export as new Build Order

Electroboyz Zerg 

Build Orders: Pool First, Zergling Baneling 

Get SALT Encoding   

  12  0:01  Drone  
  13  0:09  Drone  
  13  0:14  Extractor  
  13  0:16  Drone  
  14  0:34  Spawning Pool  
  13  0:39  Drone  
  14  0:43  Extractor  
  14  0:46  Drone  
  15  0:56  Overlord  
  15  1:20  Metabolic Boost  
  15  1:21  Queen  
  15  1:23  Zergling x2  
  18  1:27  Zergling x2  
  18  1:32  Zergling x2  
  20  1:34  Zergling x2  
  21  1:46  Zergling x2  
  22  1:50  Baneling Nest  
  21  1:58  Overlord  
  21  2:07  Zergling x2  
  22  2:18  Zergling x2  
  23  2:28  Zergling x2  
  24  2:34  Baneling  
  24  2:35  Baneling x5  
  24  2:36  Zergling x4  
  26  2:42  Zergling x2  
  27  2:48  Zergling x2  
  28  2:51  Baneling  
  28  2:52  Baneling  
  25  3:06  Zergling x4  
  26  3:15  Zergling x2  
  26  3:16  Baneling x3  
  26  3:18  Zergling x2  
  27  3:26  Zergling x2  
  28  3:30  Zergling x2  
  27  3:44  Baneling x2  
  27  3:45  Zergling x2  
  28  3:53  Zergling x4  
  28  3:54  Baneling  
  29  4:09  Baneling x2  
  28  4:14  Zergling x4  
  28  4:16  Baneling  
  29  4:19  Overlord  
  29  4:24  Baneling  
  24  4:41  Zergling x6  
  27  4:45  Baneling x2  
  27  4:49  Zergling x2  
  27  4:52  Zergling x4  
  30  4:54  Baneling  
  29  5:02  Baneling  
  28  5:08  Zergling x2  
  27  5:15  Drone  
  27  5:16  Drone  
  27  5:20  Drone x2  
  28  5:23  Drone  
  28  5:28  Drone  
  26  5:33  Zergling x2  
  26  5:42  Zergling x2  
  25  6:01  Drone, Hatchery  
  25  6:06  Drone  
  25  6:07  Drone  
  27  6:11  Drone  
  27  6:13  Drone  
  27  6:25  Roach Warren  
  27  6:30  Zergling x4  
  28  6:36  Overlord  
  28  6:39  Drone  
  28  6:52  Drone x2  
Show
View Real Time Build Order
Export as new Build Order

Railgan Zerg - Winner!

Build Orders: Hatch First 

Get SALT Encoding   

  12  0:00  Drone  
  13  0:12  Overlord  
  13  0:18  Drone  
  14  0:31  Drone x2  
  16  0:36  Drone  
  17  0:49  Drone  
  18  0:57  Hatchery  
  18  1:01  Drone  
  18  1:05  Extractor  
  17  1:17  Spawning Pool  
  16  1:20  Drone  
  16  1:23  Drone  
  18  1:28  Drone  
  19  1:38  Overlord  
  19  1:51  Drone  
  20  2:03  Queen  
  20  2:06  Zergling x2  
  23  2:10  Queen  
  23  2:12  Drone  
  26  2:16  Zergling x2  
  26  2:22  Baneling Nest  
  26  2:24  Spine Crawler  
  25  2:35  Spine Crawler  
  24  2:50  Zergling x2  
  27  2:56  Metabolic Boost  
  27  2:58  Zergling x2  
  26  3:09  Baneling  
  26  3:19  Drone x3  
  26  3:27  Zergling x2  
  26  3:42  Zergling x4  
  28  3:55  Baneling x2  
  27  4:01  Zergling x2  
  27  4:03  Queen  
  24  4:11  Zergling x2  
  24  4:14  Zergling x4  
  27  4:20  Zergling x2  
  27  4:23  Baneling x2  
  27  4:24  Queen  
  25  4:34  Baneling x2  
  26  4:38  Zergling x2  
  26  4:45  Drone  
  27  5:02  Drone  
  27  5:06  Drone  
  26  5:07  Drone  
  27  5:15  Drone  
  27  5:16  Drone x2  
  27  5:22  Drone  
  27  5:25  Drone  
  26  5:38  Zergling x4  
  27  5:54  Zergling x4  
  27  5:56  Baneling x2  
  27  5:57  Baneling x2  
  29  5:59  Zergling x2  
  30  6:10  Drone x2  
  32  6:19  Drone x3  
  32  6:22  Drone  
  36  6:29  Overlord  
  36  6:37  Overlord  
  35  6:47  Drone x2  
  35  7:14  Evolution Chamber  
  35  7:15  Roach Warren  
Tags
 
Add a new tag
Caveats
  • Supply blocks, unpowered buildings, or Contaminate may cause inaccurate times.
  • Supply counts are checked every 10 seconds.